 Dungeon Crawl Stone Soup version 0.27-a0-1140-g099f9bb0e8 (webtiles) character file.

Game seed: 9809072338510061812

4804 dickylongcocking the Fighter (level 10, -9/81 HPs)
             Began as a Djinni Fire Elementalist on May 8, 2021.
             Was an Initiate of Makhleb.
             Mangled by a wolf (11 damage)
             ... led by Grum
             ... on level 8 of the Dungeon.
             The game lasted 00:12:10 (11430 turns).

dickylongcocking the Fighter (DjFE)                Turns: 11430, Time: 00:12:10

Health: -9/81      AC: 12    Str:  7    XL:     10   Next: 48%
Gold:   399        EV: 12    Int: 21    God:    Makhleb [......] SH:  0 Dex: 13

rFire    + + +     SeeInvis .   r - +6 rapier of Kismet {vorpal, rC+ rN++}
rCold    + . .     Faith    .   (no shield)
rNeg     + + .     Spirit   .   z - +1 robe {rC+ rF+}
rPois    ∞         Reflect  .   q - +1 hat {Stlth+}
rElec    .         Harm     .   (no cloak)
rCorr    .         Rampage  .   (no gloves)
Will     +....                  (boots unavailable)
Stlth    +++.......             (no amulet)
HPRegen  0.23/turn              j - +4 ring of protection
MPRegen  0.00/turn              l - +4 ring of protection

@: flying
A: sickness immunity, fire resistance 2, cold vulnerability 1, float, innate
caster, hp casting, extra vitality 1
a: Renounce Religion


You were on level 8 of the Dungeon.
You worshipped Makhleb.
Makhleb was noncommittal.
You visited 2 branches of the dungeon, and saw 9 of its levels.

You collected 399 gold pieces.

Inventory:

Hand Weapons
 c - a +0 spear
 e - a +0 dagger of venom
 i - a +2 vampiric dagger
 r - the +6 rapier of Kismet (weapon) {vorpal, rC+ rN++}
   (You found it on level 6 of the Dungeon)

   It inflicts extra damage upon your enemies.
   It protects you from cold.
   It greatly protects you from negative energy.
 y - a +0 scimitar
Missiles
 h - 12 curare-tipped darts
Armour
 a - a +0 robe
 q - a +1 hat of stealth (worn)
 z - a +1 robe of resistance (worn)
Magical Staves
 g - a staff of air
Jewellery
 j - a +4 ring of protection (left hand)
 l - a +4 ring of protection (right hand)
Wands
 x - a wand of digging (2)
 C - a wand of polymorph (13)
 D - a wand of iceblast (7)
Scrolls
 b - a scroll of blinking {unknown}
 f - 3 scrolls of teleportation {unknown}
 m - 3 scrolls of noise {unknown}
 n - 3 scrolls of magic mapping {unknown}
 o - a scroll of holy word {unknown}
 p - 5 scrolls of identify {unknown}
 s - a scroll of enchant armour {unknown}
 t - 3 scrolls of enchant weapon {unknown}
 u - 2 scrolls of amnesia {unknown}
 v - a scroll of torment {unknown}
 A - a scroll of summoning {unknown}
 B - 2 scrolls of acquirement {unknown}
Potions
 d - a potion of invisibility
 k - a potion of curing
 w - a potion of lignification
 E - a potion of magic


   Skills:
 * Level 10.3 Fighting
 - Level 0.1 Short Blades
 - Level 0.2 Polearms
 - Level 2.6 Dodging
 - Level 1.8 Stealth
 * Level 9.5 Spellcasting


You had 2 spell levels left.
You knew the following spells:

 Your Spells              Type           Power      Damage    Failure   Level
a - Foxfire               Conj/Fire      100%       2x1d9     1%          1
b - Conjure Flame         Conj/Fire      50%        6-21      1%          3
c - Inner Flame           Hex/Fire       50%        N/A       1%          3
d - Sticky Flame          Conj/Fire      50%        2d7       1%          4
e - Fireball              Conj/Fire      25%        3d11      3%          5
f - Summon Small Mammal   Summ           100%       N/A       1%          1
g - Corpse Rot            Necr/Air       N/A        N/A       1%          2
h - Vampiric Draining     Necr           25%        2d9       1%          3
i - Animate Dead          Necr           25%        N/A       1%          4
Your spell library was empty.

Dungeon Overview and Level Annotations

Branches:
Dungeon (8/15)             Temple (1/1) D:4
   Lair: D:8-11

Altars:
Ashenzari
Cheibriados
Fedhas
Hepliaklqana
Kikubaaqudgha
Makhleb
Nemelex Xobeh
Okawaru
Qazlal
Trog
Uskayaw
Vehumet
Wu Jian
Xom
Yredelemnul
Zin
The Shining One
Lugonu

Shops:
D:1 (   D:2 [   D:4 :


Innate Abilities, Weirdness & Mutations

You are immune to sickness and miasma.
You are immune to poison.
Your flesh is very heat resistant. (rF++)
You are vulnerable to cold. (rC-)
You float through the air rather than walking.
You learn spells naturally, not from books.
Your magical power is your life essence.
You have superior vitality. (+4 HP)


Message History

Unknown command.
Casting: Sticky Flame (mildly dangerous; 1% risk of failure)
Confirm with . or Enter, or press ? or * to list all spells.
Okay, then.
The centaur wields a +0 shortbow.
The centaur shoots an arrow.
The arrow hits you.
Unknown command.
Unknown command.
Casting: Sticky Flame (mildly dangerous; 1% risk of failure)
Confirm with . or Enter, or press ? or * to list all spells.
Aiming: Inner Flame (safe; 1% risk of failure)
Press: ? - help, Shift-Dir - straight line, f - orc warrior
Aim: an orc warrior, wielding a +0 war axe and wearing a +0 plate armour (chance to affect: 93%)
The orc warrior is filled with an inner flame.
The centaur shoots an arrow.
The arrow closely misses you.
The orc priest invokes the aid of Beogh against you.
Beogh smites you!
* * * LOW HITPOINT WARNING * * *
The orc warrior hits you with a +0 war axe!
* * * LOW HITPOINT WARNING * * *
Unknown command.
Casting: Inner Flame (safe; 1% risk of failure)
Confirm with . or Enter, or press ? or * to list all spells.
Aiming: Sticky Flame (mildly dangerous; 1% risk of failure)
Press: ? - help, Shift-Dir - straight line, f/p - orc warrior
Aim: an orc warrior, wielding a +0 war axe and wearing a +0 plate armour (inner flame, 100% to hit)
Okay, then.
Okay, then.
Okay, then.
The wolf bites you.
* * * LOW HITPOINT WARNING * * *
Unknown command.
The wolf bites you!
* * * LOW HITPOINT WARNING * * *
The slime creature is engulfed in blazing flames.
The slime creature is engulfed in blazing flames.
The wolf bites you but does no damage.
Okay, then.
It was a potion of magic.
Magic courses through your body. The wolf bites you!
You die...

##..##.........# ..
#...#..........# #.#
##.............# ..#
.......###.##.### ### ####..#.
.............(..# ##.#####......o
........(......####...#........#
..#....##..#...##.co..o........#
.##....#...##..#.ho.J☼§....##....
...............#@####)..........#
........###.##...# #............
....#...........## #............
##.#####.†.......# #..#..........
##.>######)#......###.##.........
#8...8# #..........#.# .......
#.....## #............. ...
8.....8#..............
#.....##..............


You could see a slime creature, 2 orc warriors, a wolf, a centaur and an orc
priest.

Vanquished Creatures
  Gastronok (D:8)
  Erica (D:8)
  Maggie (D:8)
  A shadow (D:7)
  A steam dragon (D:6)
  An ice beast (D:7)
  An orc warrior (D:7)
  2 necrophages
  2 sky beasts
  A wolf (D:8)
  An ogre (D:5)
  A centaur (D:7)
  2 phantoms (D:6)
  Blork the orc (D:5)
  2 kobold brigands (D:7)
  2 scorpions (D:7)
  2 bullfrogs
  A water moccasin zombie (D:6)
  A bullfrog zombie (D:7)
  2 centaur zombies (D:7)
  An orc priest (D:4)
  A hound (D:6)
  A jelly (D:5)
  A gnoll shaman (D:5)
  A bullfrog skeleton (D:5)
  3 iguanas
  Natasha (twice) (D:2)
  3 orc wizards
  A hound zombie (D:5)
  8 gnolls
  2 adders
  2 howler monkey skeletons
  A white imp (D:6)
  2 ufetubi
  3 worms
  4 dart slugs
  23 orcs
  3 bats
  7 endoplasms
  3 giant cockroaches
  7 hobgoblins
  6 jackals
  5 quokkas
  6 ball pythons
  4 frilled lizards
  9 goblins
  10 kobolds
  4 rats
150 creatures vanquished.

Vanquished Creatures (others)
  An orc (D:8)
  211 foxfires
212 creatures vanquished.

Grand Total: 362 creatures vanquished

Notes
Turn   | Place    | Note
-------+----------+-------------------------------------------
     0 | D:1      | dickylongcocking the Djinni Fire Elementalist began the
                  | quest for the Orb.
     0 | D:1      | Reached XP level 1. HP: 15/15 MP: 0/0
   326 | D:1      | Reached XP level 2. HP: 14/21 MP: 0/0
   907 | D:1      | Reached XP level 3. HP: 20/25 MP: 0/0
   907 | D:1      | Learned a level 1 spell: Summon Small Mammal
  1020 | D:1      | Found Aseupsakh's Antique Weapon Shop.
  1951 | D:2      | Found Fatraptu's Antique Armour Boutique.
  2272 | D:2      | Noticed Natasha
  2287 | D:2      | Killed Natasha
  2288 | D:2      | Reached skill level 1 in Fighting
  2288 | D:2      | Reached XP level 4. HP: 12/32 MP: 0/0
  2853 | D:2      | Found a faded altar of an unknown god.
  2977 | D:2      | Noticed Natasha
  2987 | D:2      | Killed Natasha
  2988 | D:2      | Reached XP level 5. HP: 24/38 MP: 0/0
  2988 | D:2      | Learned a level 2 spell: Corpse Rot
  3713 | D:3      | Reached skill level 2 in Fighting
  4222 | D:3      | Found a sparkling altar of Nemelex Xobeh.
  4478 | D:4      | Found a glowing golden altar of the Shining One.
  4521 | D:4      | Found Hihoakly's Book Boutique.
  4972 | D:4      | Noticed a necrophage
  4987 | D:4      | Killed a necrophage
  4988 | D:4      | Reached skill level 3 in Fighting
  4988 | D:4      | Reached XP level 6. HP: 22/46 MP: 0/0
  5427 | D:4      | Found a staircase to the Ecumenical Temple.
  5451 | D:4      | Found a snail-covered altar of Cheibriados.
  5467 | Temple   | Entered the Ecumenical Temple
  5884 | D:5      | Entered Level 5 of the Dungeon
  5891 | D:5      | Noticed Blork the orc
  5907 | D:5      | Killed Blork the orc
  6142 | D:5      | Reached skill level 5 in Spellcasting
  6178 | D:5      | Reached skill level 4 in Fighting
  6207 | D:5      | Reached XP level 7. HP: 10/52 MP: 0/0
  6207 | D:5      | Learned a level 3 spell: Vampiric Draining
  6757 | D:5      | Found a glowing silver altar of Zin.
  7462 | D:5      | Reached skill level 5 in Fighting
  7831 | D:6      | Identified the +6 rapier of Kismet {vorpal, rC+ rN++}
  8152 | D:6      | Reached XP level 8. HP: 42/60 MP: 0/0
  8348 | D:6      | Reached skill level 6 in Fighting
  8949 | D:7      | Found a bloodstained altar of Trog.
  9015 | D:7      | Noticed a shadow
  9054 | D:7      | Killed a shadow
  9055 | D:7      | Reached skill level 7 in Fighting
  9425 | D:7      | Reached XP level 9. HP: 46/68 MP: 0/0
  9425 | D:7      | Learned a level 4 spell: Animate Dead
  9447 | D:7      | Reached skill level 8 in Fighting
 10290 | D:8      | Noticed Erica
 10547 | D:8      | Killed Erica
 10550 | D:8      | Noticed Maggie
 10727 | D:8      | Killed Maggie
 10728 | D:8      | Reached skill level 9 in Fighting
 11092 | D:8      | Found a burning altar of Makhleb.
 11162 | D:8      | Became a worshipper of Makhleb the Destroyer
 11226 | D:8      | Noticed Gastronok
 11252 | D:8      | Killed Gastronok
 11253 | D:8      | Reached skill level 10 in Fighting
 11253 | D:8      | Reached XP level 10. HP: 56/80 MP: 0/0
 11428 | D:8      | HP: 1/81 [wolf[Grum] (8)]
 11430 | D:8      | Mangled by a wolf

Illustrated notes

Levels and vault maps discovered:
D:1:      nicolae_arrival_somewhat_less_tricky_arrival, layout_basic,
          serial_shops, shop
D:2:      layout_basic, basic_ecumenical_altar, serial_shops, shop,
          hex_intersection, minivault_24, uniq_natasha
D:3:      layout_basic, nemelex_xobeh_ov_fountains_minmay, kennysheep_nub,
          roderic_lattice_a
D:4:      layout_loops_corners, lemuel_crystal_altar, kennysheep_slug_shrine,
          minmay_temple_entry_butterflies, serial_shops,
          nicolae_shop_competitors_out_of_business, kennysheep_generic_room_10
D:5:      layout_basic, zin_treasury, uniq_blork_the_orc
D:6:      layout_basic
D:7:      layout_rooms, lemuel_tele_altar, minmay_circle_x
D:8:      layout_cave_pools, nicolae_overflow_hidden_temple, tgw_sif,
          general_overflow_altar, serial_glass, glass_columns_b,
          glass_columns_a, item_on_display_a, special_room [special_room_orc],
          minmay_misc_feat_plants, uniq_maggie, uniq_gastronok, uniq_grum,
          uniq_erica
Temple:   kb_corrupted_temple

Skill      XL: |  1  2  3  4  5  6  7  8  9 |
---------------+----------------------------+-----
Spellcasting   | 3 4 5 6 7 9 |  9.5
Fighting       | 1 3 4 5 7 10 | 10.3
Short Blades   | |  0.1
Polearms       | |  0.2
Dodging        | |  2.6
Stealth        | |  1.8

Action                   |  1- 3 |  4- 6 |  7- 9 | 10-12 || total
-------------------------+-------+-------+-------+-------++-------
Melee: Dagger            |    61 |   107 |    18 |       ||   186
       Spear             |    17 |       |       |       ||    17
       Scimitar          |       |     4 |    24 |       ||    28
       Rapier            |       |       |    28 |       ||    28
 Cast: Foxfire           |    39 |    38 |    51 |     1 ||   129
       Inner Flame       |     1 |     3 |    39 |     2 ||    45
       Sticky Flame      |       |     8 |    13 |     1 ||    22
       Summon Small Mamm |       |       |    27 |       ||    27
       Fireball          |       |       |     8 |       ||     8
Evoke: Wand              |       |       |     2 |       ||     2
  Use: Potion            |       |     6 |     5 |     1 ||    12
 Stab: Sleeping          |     1 |     8 |     1 |       ||    10
       Distracted        |       |     1 |       |       ||     1
Armor: Robe              |    22 |    38 |    58 |     5 ||   123
       Skin              |       |     6 |       |       ||     6
Dodge: Dodged            |    65 |    64 |    62 |     5 ||   196
       Rpst.: Scimitar   |       |     3 |     9 |       ||    12

Table legend: (Time is in decaauts)
 A = Elapsed time spent in this place.
 B = Non-inter-level travel time spent in this place.
 C = Inter-level travel time spent in this place.
 D = Time resting spent in this place.
 E = Time spent auto-exploring this place.
 F = Levels seen in this place.
 G = Mean time per level.
                   A        B        C        D        E       F      G
               +--------+--------+--------+--------+--------+-----+--------+
         Total |  11420 |  11218 |    202 |   2056 |   7788 |   9 | 1268.9 |
       Dungeon |  11305 |  11103 |    202 |   2056 |   7693 |   8 | 1413.1 |
        Temple |    114 |    114 |      0 |      0 |     95 |   1 |  114.0 |
               +--------+--------+--------+--------+--------+-----+--------+

Top non-repeatable levels by time:
     D:1: 1930 daAuts
     D:7: 1896 daAuts
     D:5: 1637 daAuts
     D:4: 1563 daAuts
     D:2: 1359 daAuts
     D:3: 1133 daAuts
     D:6: 1130 daAuts
     D:8: 654 daAuts
  Temple: 114 daAuts
